 Dungeon Crawl Stone Soup version 0.27.1-35-g4d5d836560 (webtiles) character file.

Game seed: 5101013682985714344

2 cbfl8 the Sneak (level 1, -1/19 HPs)
             Began as a Minotaur Delver on Mar 29, 2022.
             Was an Initiate of Yredelemnul.
             Slain by a sky beast (6 damage)
             ... on level 4 of the Dungeon.
             The game lasted 00:00:58 (222 turns).

cbfl8 the Sneak (Minotaur Delver)                    Turns: 222, Time: 00:00:58

Health: -1/19      AC:  3    Str: 16    XL:     1   Next: 25%
Magic:  0/0        EV: 11    Int:  7    God:    Yredelemnul [......]
Gold:   26         SH:  0    Dex: 11    Spells: 0/0 levels left

rFire    . . .     SeeInvis .   a - +0 hand axe
rCold    . . .     Faith    .   (no shield)
rNeg     . . .     Spirit   .   b - +0 leather armour
rPois    .         Reflect  .   (helmet restricted)
rElec    .         Harm     .   (no cloak)
rCorr    .         Rampage  .   (no gloves)
Will     .....                  (no boots)
Stlth    +.........             (no amulet)
HPRegen  0.06/turn              (no ring)
MPRegen  0.07/turn              (no ring)

@: confused, hasted, very quick
A: horns 2, retaliatory headbutt
a: Renounce Religion


You were on level 4 of the Dungeon.
You worshipped Yredelemnul.
Yredelemnul was noncommittal.
You visited 2 branches of the dungeon, and saw 3 of its levels.

You collected 26 gold pieces.

Inventory:

Hand Weapons
 a - a +0 hand axe (weapon)
Armour
 b - a +0 leather armour (worn)
Wands
 g - a wand of digging (3)
Scrolls
 c - a scroll of fog
 h - a scroll of torment {unknown}


   Skills:
 + Level 3.6 Fighting
 + Level 2.4 Axes
 + Level 2.1 Dodging
 + Level 4.2 Stealth


You couldn't memorise any spells.
You didn't know any spells.
Your spell library was empty.

Dungeon Overview and Level Annotations

Branches:
Dungeon (5/15)             Temple (1/1) D:5

Altars:
Ashenzari
Cheibriados
Fedhas
Kikubaaqudgha
Makhleb
Nemelex Xobeh
Okawaru
Trog
Uskayaw
Wu Jian
Yredelemnul

Annotations:
D:4 Duvessa


Innate Abilities, Weirdness & Mutations

You have a pair of horns on your head.
You reflexively headbutt those who attack you in melee.


Message History

You slash the goblin!
You kill the goblin!
Yredelemnul accepts your kill.
You hit the giant cockroach. The giant cockroach bites you.
A hound skeleton comes into view.
You see here a +0 dagger.
The hobgoblin hits you. The hobgoblin closely misses you.
A gnoll comes into view. It is wielding a +0 flail.
The hound skeleton bites you.
A sky beast appears from thin air!
Reactivating autopickup.
The sky beast flickers out of sight!
Deactivating autopickup; reactivate with Ctrl-A.
A sky beast appears from thin air!
Reactivating autopickup.
An orc comes into view. It is wielding a +0 whip.
The sky beast flickers out of sight!
Deactivating autopickup; reactivate with Ctrl-A.
An orc wizard comes into view. It is wielding a +0 dagger.
The orc wizard shouts!
The orc hits you with a +0 whip.
An orc comes into view. It is wielding a +0 whip.
Found a stone staircase leading up.
The orc wizard gestures at you while chanting.
You are confused.
An orc comes into view. It is wielding a +0 flail.
You hear a shout!
An orc comes into view. It is wielding a +0 whip.
The orc shouts! x2
Found a blossoming altar of Fedhas.
Duvessa, Sister of Dowan comes into view.
She is wielding a +0 short sword and wearing a +0 scale mail of willpower.
Duvessa shouts!
The quokka twitches its whiskers.
The orc hits you with a +0 whip.
You barely miss something. You barely miss the orc. Something hits you.
* * * LOW HITPOINT WARNING * * *
Something shocks you.
You die...
Your body rises from the dead as a mindless zombie.

....♣,≈,,,,,≈,*,,,*,,,,,,****
....♣,≈,≈≈≈,≈,♣..##.....,,,,****
....♣,≈≈.,,≈≈.♣<#.#.....,,,,,,,**
....♣,≈≈._,≈≈.♣.........,,,,,,,,*
....♣,≈≈...≈≈.♣.......e.,,,,**,**
....♣,≈,≈≈≈.§.♣.........,,,*****
....♣,§,,,,§≈.♣.........,,,*
....♣..≈≈≈≈§§.♣Z..o....#*,,*
g....♣♣♣♣♣♣♣♣♣..@.oo...#****
....##.........o....o...*
.##.#..##.....B..#.....#****
###.....#.##..######....,,,*
####....###.rg#.# **.##**,**
$.......g.#.g...## **# *,,*
.)...g...........# **,*****
.................# *,,,,,,
..........###...## ***+**+*


You could see Duvessa, an orc wizard, a gnoll, 4 orcs, a quokka, a giant
cockroach, a hobgoblin and a hound skeleton.

Vanquished Creatures
  2 goblins (D:4)
2 creatures vanquished.

Notes
Turn   | Place    | Note
-------+----------+-------------------------------------------
     0 | D:5      | cbfl8 the Minotaur Delver began the quest for the Orb.
     0 | D:5      | Reached XP level 1. HP: 19/19 MP: 0/0
     2 | D:5      | Noticed an orc priest
    10 | Temple   | Entered the Ecumenical Temple
    92 | Temple   | Became a worshipper of Yredelemnul the Dark
   126 | D:5      | Noticed a black bear
   194 | D:4      | Noticed a sky beast
   218 | D:4      | Noticed an orc wizard
   220 | D:4      | Found a blossoming altar of Fedhas.
   221 | D:4      | Noticed Duvessa
   222 | D:4      | Slain by a sky beast

Illustrated notes

Levels and vault maps discovered:
D:4:      layout_cave_pools, kennysheep_mini_moat,
          grunt_dithmenos_smoke_and_mirrors, mainiacjoe_overflow_paths,
          mainiacjoe_overflow_alcove_4, mainiacjoe_overflow_24_doors,
          uniq_duvessa, uniq_natasha
D:5:      layout_cave_pools, minmay_temple_entry_drinking_statues,
          dk_noncrumbling_2, kennysheep_opposing_triangles
Temple:   eino_temple_lava

Action                   || total
-------------------------++-------
Melee: Hand axe          ||     3
  Use: Scroll            ||     2
       Potion            ||     1
Armor: Leather armour    ||     1
Dodge: Dodged            ||     2
